 Dungeon Crawl Stone Soup version 0.17.1-3-g152610e (webtiles) character file.

30 GFox the Sneak (level 3, 0/18 HPs)
             Began as a Vine Stalker Assassin on Feb 28, 2016.
             Hit by a goblin thrown by Robin (1 damage)
             ... on level 2 of the Dungeon.
             The game lasted 00:24:24 (1076 turns).

GFox the Sneak (Vine Stalker Assassin)              Turns: 1076, Time: 00:24:24

Health: 0/18       AC:  4    Str: 13    XL:     3   Next: 20%
Magic:  0/4        EV: 12    Int: 11    God:
Gold:   66         SH:  0    Dex: 16    Spells: 0 memorised, 2 levels left

rFire  + . .     SeeInvis .     a - +2 dagger
rCold  + . .     Clarity  .     c - +0 robe
rNeg   . . .     SustAt   +     (no shield)
rPois  +         Gourm    .     (no helmet)
rElec  +         Spirit   +     d - +1 cloak
rCorr  +         Warding  .     (no gloves)
rMut   .         Stasis   .     (no boots)
MR     +....                    (no amulet)
Stlth  +++.......               l - ring of protection from magic
                                y - ring of sustain attributes

@: resistant, somewhat resistant to hostile enchantments, fairly stealthy
A: fangs 2, regeneration 1, magic shield, antimagic bite, no device heal 3, rot
immunity
a: no special abilities


You were on level 2 of the Dungeon.
You were not hungry.

You visited 1 branch of the dungeon, and saw 2 of its levels.

You collected 66 gold pieces.

Inventory:

Hand Weapons
 a - a +2 dagger (weapon)
 b - a +1 blowgun
Armour
 c - a +0 robe (worn)
 d - a +1 cloak (worn)
Jewellery
 l - a ring of protection from magic (right hand)
 r - a +2 ring of intelligence
 y - a ring of sustain attributes (left hand)
Scrolls
 k - a scroll of teleportation
 v - a scroll of identify
Potions
 o - a potion of heal wounds
 p - a potion of haste {unknown}
 s - a potion of resistance
 x - a potion of curing {unknown}
 z - a potion of agility {unknown}
Comestibles
 g - 3 bread rations
 h - 3 fruits
 n - a royal jelly
 u - a slice of pizza


   Skills:
 + Level 1.9 Fighting
 + Level 1.8 Short Blades
 + Level 2.1 Throwing
 + Level 1.1 Dodging
 + Level 5.5 Stealth


You had 2 spell levels left.
You didn't know any spells.

Dungeon Overview and Level Annotations

Branches:
Dungeon (2/15)

Altars:

Annotations:
D:2 Robin


Innate Abilities, Weirdness & Mutations

You have extremely sharp teeth.
Your natural rate of healing is unusually fast.
When hurt, damage is shared between your health and your magic reserves.
Your bite disrupts and absorbs the magic of your enemies.
Potions and wands cannot restore your health.
You are immune to rotting.


Message History

a dagger; a goblin corpse You barely miss the goblin.
Your bite misses the goblin. The goblin completely misses you.
The goblin barely misses you.
You barely miss the goblin. Your bite misses the goblin.
The goblin hits you but does no damage. x2
You closely miss the goblin. Your bite misses the goblin.
The goblin hits you but does no damage. The goblin misses you.
You hit the goblin.
The goblin is severely wounded.
The goblin barely misses you.
The goblin hits you with a dagger of holy wrath.
* * * LOW HITPOINT WARNING * * *
You closely miss the goblin.
The goblin is severely wounded.
The goblin closely misses you. The goblin barely misses you.
That would not heal you.
You hit the goblin.
You kill the goblin!
Robin throws the goblin at you!
You die...

,,,,,,* #........<.....#
,,,,,,* #..............#
,,,,,,* #..............#
,,,,,,********
#.###'#+######.#
,,,,,,,,,,,,,* #.#
#..........#
*****,,,,,,,,* #.#
#..........# *,,,,,,,,*
#.# ##.........#
*,,,,,,,,* #g#
#..######.# *,,,,,,,,*
#@# ##...# #.#
***********#g#**##.#.#
#.# #gg.[.#....# ##.###
#.g...#.#.## #.....
*****#.)...#.#..# #.....
*,,,,.(...##.##[###.....
*,,,......##.##..###.###
*,,,.(...).#.###.###.#
*,,........#.###..##.###


You could see Robin, a hobgoblin (frenzied) and 3 goblins.

Vanquished Creatures
  A worm (D:2)
  A giant gecko (D:1)
  A giant cockroach (D:2)
  11 goblins
  2 hobgoblins (D:1)
  4 kobolds
  3 bats (D:1)
  A giant newt (D:1)
  4 rats
28 creatures vanquished.

Notes
Turn   | Place    | Note
--------------------------------------------------------------
     0 | D:1      | GFox the Vine Stalker Assassin began the quest for the Orb.
     0 | D:1      | Reached XP level 1. HP: 11/11 MP: 2/2
   116 | D:1      | Reached skill level 5 in Stealth
   146 | D:1      | Reached skill level 1 in Dodging
   146 | D:1      | Reached XP level 2. HP: 15/15 MP: 3/3
  1003 | D:2      | Reached XP level 3. HP: 18/18 MP: 4/4
  1061 | D:2      | Noticed Robin
  1076 | D:2      | Hit by a goblin thrown by Robin

Action                   || total
-------------------------++-------
Melee: Dagger            ||     9
 Fire: Blowgun           ||    45
  Use: Scroll            ||    11
       Potion            ||     2
 Stab: Sleeping          ||    17
